 Dungeon Crawl Stone Soup version 0.18-a0-1088-g34ef3a2 (webtiles) character file.

728 gorblad the Covered (level 7, 0/54 HPs)
             Began as a Mummy Fighter on Jan 16, 2016.
             Slain by an orc
             ... wielding a +0 trident of protection
              (3 damage)
             ... on level 5 of the Dungeon.
             The game lasted 00:08:57 (4710 turns).

gorblad the Covered (Mummy Fighter)                 Turns: 4710, Time: 00:08:57

Health: 0/54       AC: 11    Str: 21    XL:     7   Next: 44%
Magic:  13/16      EV:  7    Int:  8    God:
Gold:   223        SH:  9    Dex: 11    Spells: 0 memorised, 6 levels left

rFire  x . .     SeeInvis .     a - +4 long sword
rCold  + . .     Gourm    .     b - +0 scale mail
rNeg   + + +     Faith    .     c - +0 shield
rPois  ∞         Spirit   .     (no helmet)
rElec  .         Dismiss  .     d - +2 cloak
rCorr  .         Reflect  .     (no gloves)
SustAt .         Harm     .     (no boots)
MR     .....                    (no amulet)
Stlth  ..........               l - ring of magical power
                                i - +1 ring of protection

@: not resistant to hostile enchantments, extremely unstealthy
A: no food or potions, fire vulnerability, cold resistance 1, negative energy
resistance 3, torment resistance, unbreathing
a: no special abilities


You were on level 5 of the Dungeon.
You were not hungry.

You visited 1 branch of the dungeon, and saw 5 of its levels.

You collected 223 gold pieces.

Inventory:

Hand Weapons
 a - a +4 long sword (weapon)
Armour
 b - a +0 scale mail (worn)
 c - a +0 shield (worn)
 d - a +2 cloak (worn)
Jewellery
 i - a +1 ring of protection (left hand)
 j - an uncursed ring of poison resistance
 l - a ring of magical power (right hand)
Scrolls
 e - 2 scrolls of blinking
 g - 4 scrolls of identify
 h - a scroll of remove curse
 k - a scroll of enchant weapon
Books
 f - a book of Power

   Spells                             Type                      Level
   a - Fulminant Prism                Conjuration/Hexes            4
   b - Iskenderun's Mystic Blast      Conjuration                  4
   c - Venom Bolt                     Conjuration/Poison           5
   d - Bolt of Magma                  Conjuration/Fire/Earth       5
   e - Iron Shot                      Conjuration/Earth            6
   f - Orb of Destruction             Conjuration                  7
   g - Spellforged Servitor           Conjuration/Summoning        7


   Skills:
 + Level 4.0 Fighting
 * Level 3.7 Long Blades
 * Level 4.6 Armour
 - Level 0.1 Dodging
 * Level 4.4 Shields


You had 6 spell levels left.
You didn't know any spells.

Dungeon Overview and Level Annotations

Branches:
Dungeon (5/15)
 Temple: D:4-7

Altars:
Okawaru
Vehumet


Innate Abilities, Weirdness & Mutations

You do not eat or drink.
Your flesh is vulnerable to fire.
You are immune to poison.
Your flesh is cold resistant.
You are immune to negative energy.
You are immune to unholy pain and torment.
You can survive without breathing.


Message History

The orc hits you but does no damage. You block the orc's attack.
You barely miss something. Something hits you.
* * * LOW HITPOINT WARNING * * *
You block the orc's attack. Something hits you but does no damage.
You block the orc's attack.
You miss something. Something hits you.
* * * LOW HITPOINT WARNING * * *
You block the orc's attack. Something hits you but does no damage.
The orc hits you with a mace!
* * * LOW HITPOINT WARNING * * *
You barely miss something. Something hits you but does no damage.
The orc hits you but does no damage. Something hits you but does no damage.
You block the orc's attack.
You closely miss something. You block its attack. The orc barely misses you.
Something hits you but does no damage. You block the orc's attack.
The orc hits you but does no damage.
You hit something.
Something hits you but does no damage. x2
You block the orc's attack.
The orc hits you with a trident of protection.
You die...

#......#.(.##
#.........##
#........##
#......###
#....>.#
###...##
##.#.# #{!#.#
#@##.#
#..oo##.#
#....o##..
#.......##.
#....... .
#........
##.......
.......##


You could see 3 orcs.

Vanquished Creatures
  A black bear (D:4)
  2 ogres (D:4)
  A giant frog zombie (D:5)
  2 orc priests
  4 worker ants
  3 orc wizards
  3 gnolls (D:2)
  7 adders
  2 oozes (D:1)
  A worm (D:4)
  4 giant geckos
  14 orcs
  14 bats
  4 giant cockroaches
  7 goblins
  7 hobgoblins
  8 kobolds
  2 ball pythons
  3 giant newts
  8 rats
97 creatures vanquished.

Notes
Turn   | Place    | Note
--------------------------------------------------------------
     0 | D:1      | gorblad the Mummy Fighter began the quest for the Orb.
     0 | D:1      | Reached XP level 1. HP: 18/18 MP: 1/1
   338 | D:1      | Reached XP level 2. HP: 21/24 MP: 2/2
   629 | D:1      | Reached XP level 3. HP: 29/29 MP: 3/3
  1305 | D:2      | Reached XP level 4. HP: 32/35 MP: 4/4
  2245 | D:3      | Found an iron altar of Okawaru.
  2426 | D:3      | Reached XP level 5. HP: 39/41 MP: 5/5
  2692 | D:3      | You fall through a shaft!
  2709 | D:4      | HP: 2/41 [orc/trident (5)]
  2714 | D:4      | HP: 2/41 [orc/trident (1)]
  2720 | D:4      | Noticed an ogre
  3438 | D:4      | Reached XP level 6. HP: 38/47 MP: 6/6
  3543 | D:4      | Reached skill level 4 in Shields
  3956 | D:4      | Reached XP level 7. HP: 18/54 MP: 7/7
  4327 | D:4      | Found a radiant altar of Vehumet.
  4524 | D:5      | Entered Level 5 of the Dungeon
  4707 | D:5      | HP: 2/54 [orc/mace (8)]
  4710 | D:5      | Slain by an orc

Vault maps used:
D:1:      grunt_arrival_crossed_arrows
D:2:      minivault_4
D:3:      nicolae_overflow_crystal_walls
D:4:      kennysheep_mini
D:5:      first_bread, uniq_pikel

Action                   |  1- 3 |  4- 6 |  7- 9 || total
-------------------------+-------+-------+-------++-------
Melee: Long sword        |   160 |   187 |    62 ||   409
  Use: Scroll            |     6 |     7 |     4 ||    17
